AoeStats
← Random

African Clearing

507001811Analyzed
4v4 RM · 17d ago on Sep 16, 2026· 44m 48s· 8 players
Game mode
Random Map
Map size
Large (8 player)
Population
200
Speed
Normal
Resources
Standard
Victory
Conquest
Starting age
Dark Age
Ending age
Imperial Age
RankedLock teamsTeams togetherTeam positionsShared explorationLock speedFull tech treeHidden civsTurbo modeCheats
Victory
Defeat
🇺🇸 Burmese · United States
1626
+13
🇳🇿 Maya · New Zealand
1553
+16
🇨🇳 Aztecs · China
1552
+16
🇹🇼 Magyars · Taiwan
1525
+17
🇺🇸 Sicilians · United States
1722
-21
🇦🇺 Portuguese · Australia
1583
-17
🇨🇳 Wei · China
1473
-12
🇨🇳 Japanese · China
1460
-12
mmmbokchoi
10:13 Loom
12:10 Feudal Age
13:54 Double-Bit Axe
16:01 Fletching
23:01 Castle Age
21:32 Padded Archer Armor
23:08 Crossbowman
24:13 Bodkin Arrow
28:43 Town Watch
32:23 Ballistics
33:36 Horse Collar
34:09 Bow Saw
36:57 Leather Archer Armor
39:01 Wheelbarrow
43:29 Imperial Age
41:03 Gold Mining
41:04 Stone Mining
41:32 Hand Cart
44:20 Bracer
43:47 Elite Plumed Archer
45:05 Ring Archer Armor
43:58 Arbalester
45:58 Stone Shaft Mining
46:23 Two-Man Saw
dentist-44
9:29 Loom
11:43 Feudal Age
17:25 Castle Age
15:50 Double-Bit Axe
18:11 Fletching
31:35 Bodkin Arrow
33:48 Wheelbarrow
32:44 Crossbowman
34:06 Ballistics
34:50 Gold Mining
35:16 Padded Archer Armor
35:54 Stone Mining
37:53 Bow Saw
41:34 Imperial Age
40:34 Eagle Warrior
41:15 Squires
40:35 Pikeman
42:15 Bracer
41:46 Arbalester
頭鐵投石機
3:13 Loom
12:34 Feudal Age
15:28 Double-Bit Axe
17:42 Scale Barding Armor
20:47 Horse Collar
24:19 Castle Age
22:35 Gold Mining
22:35 Stone Mining
24:54 Bloodlines
25:59 Bow Saw
27:35 Chain Barding Armor
27:23 Husbandry
27:29 Heavy Plow
34:00 Corvinian Army
38:31 Imperial Age
36:34 Masonry
37:34 Wheelbarrow
39:58 Plate Barding Armor
39:46 Conscription
38:47 Elite Magyar Huszar
40:16 Hand Cart
40:33 Crop Rotation
41:12 Gold Shaft Mining
41:39 Two-Man Saw
43:54 Coinage
45:42 Banking
Random
9:26 Loom
11:37 Feudal Age
11:01 Loom
14:29 Town Watch
14:59 Forging
21:23 Castle Age
19:15 Horse Collar
19:25 Gold Mining
20:33 Bloodlines
20:29 Scale Barding Armor
30:30 Wheelbarrow
30:42 Husbandry
33:39 Chain Barding Armor
43:11 Imperial Age
41:31 Heavy Plow
43:58 Iron Casting
43:19 Cavalier
44:38 Conscription
45:12 Plate Barding Armor
46:00 Blast Furnace
NØRTHLANE
10:13 Loom
12:33 Feudal Age
12:35 Man-at-Arms
19:39 Fletching
20:21 Double-Bit Axe
27:20 Castle Age
25:41 Stone Mining
26:14 Horse Collar
36:50 Bow Saw
40:39 Wheelbarrow
42:01 Heavy Plow
42:37 Town Watch
Rogue Knight
10:27 Loom
12:53 Feudal Age
14:25 Double-Bit Axe
17:07 Castle Age
15:55 Fletching
16:05 Padded Archer Armor
16:14 Horse Collar
17:43 Gold Mining
29:47 Bodkin Arrow
31:35 Ballistics
31:21 Stone Mining
32:06 Gold Shaft Mining
32:13 Wheelbarrow
33:12 Heavy Plow
37:05 Bow Saw
40:59 Imperial Age
40:23 Bloodlines
40:14 Husbandry
41:10 Thumb Ring
41:56 Leather Archer Armor
43:11 Chemistry
42:36 Bracer
43:36 Ring Archer Armor
44:38 Ming Guang Armor
44:33 Conscription
44:44 Ming Guang Armor
德裕仁辅
9:17 Loom
11:31 Feudal Age
12:15 Double-Bit Axe
21:49 Castle Age
21:14 Horse Collar
25:44 Bloodlines
32:27 Wheelbarrow
33:58 Hand Cart
33:54 Bow Saw
36:44 Scale Barding Armor
40:19 Imperial Age
38:37 Chain Barding Armor
38:28 Forging
39:36 Husbandry
40:23 Cavalier
41:07 Gold Mining
43:10 Plate Barding Armor
43:08 Hauberk
43:58 Iron Casting
执者如旗
9:14 Loom
11:56 Feudal Age
17:35 Castle Age
16:30 Double-Bit Axe
35:04 Fletching
37:06 Bodkin Arrow
40:06 Wheelbarrow
40:03 Gold Mining
Connection lost

Rejoining the realm…

Still unreachable

The connection could not be restored.

Session expired

The server has moved on; the page needs a fresh start.